 Dungeon Crawl Stone Soup version 0.28-a0-906-g0406aca7d3 (webtiles) character file.

Game seed: 16490998297751281286

252 pokeman the Magician (level 5, 0/29 HPs)
             Began as a Deep Elf Hedge Wizard on Nov 24, 2021.
             Slain by a phantom (7 damage)
             ... on level 6 of the Dungeon.
             The game lasted 00:05:36 (2960 turns).

pokeman the Magician (Deep Elf Hedge Wizard)        Turns: 2960, Time: 00:05:37

Health: 0/29       AC:  3    Str:  7    XL:     5   Next: 89%
Magic:  6/16       EV: 12    Int: 20    God:
Gold:   171        SH:  0    Dex: 14    Spells: 6/17 levels left

rFire   . . .      SeeInvis .   n - staff of death
rCold   . . .      Faith    .   (no shield)
rNeg    + . .      Spirit   .   p - +0 leather armour
rPois   .          Reflect  .   c - +0 hat
rElec   .          Harm     .   (no cloak)
rCorr   .          Rampage  .   (no gloves)
Will    .....                   (no boots)
Stlth   ++........              f - amulet of magic regeneration
HPRegen 0.09/turn               (no ring)
MPRegen 0.40/turn               (no ring)

@: very slightly contaminated
A: no striking features
a: no special abilities


You were on level 6 of the Dungeon.
You visited 1 branch of the dungeon, and saw 4 of its levels.

You collected 171 gold pieces.

Inventory:

Missiles
 b - 11 arrows
 i - 21 bolts
Armour
 c - a +0 hat (worn)
 p - a +0 leather armour (worn)
Magical Staves
 n - a staff of death (weapon)
Jewellery
 f - an amulet of magic regeneration (around neck)
Scrolls
 a - a scroll of fog {unknown}
 e - 2 scrolls of holy word {unknown}
 g - a scroll of noise {unknown}
 h - a scroll of fear {unknown}
 j - 2 scrolls of teleportation {unknown}
 m - 2 scrolls of identify {unknown}
 q - a scroll of enchant weapon {unknown}
Potions
 d - a potion of mutation {unknown}
 k - a potion of flight {unknown}
 l - a potion of curing {unknown}
 o - a potion of degeneration {unknown}


   Skills:
 - Level 1.0 Fighting
 - Level 1.0 Armour
 - Level 3.0 Dodging
 + Level 2.9 Stealth
 * Level 6.7 Spellcasting
 + Level 2.9 Conjurations
 - Level 1.1 Summonings
 - Level 1.2 Necromancy
 - Level 1.1 Translocations
 + Level 1.2 Fire Magic


You had 6 spell levels left.
You knew the following spells:

 Your Spells              Type           Power      Damage    Failure   Level
a - Magic Dart            Conj           72%        1d6       4%          1
b - Mephitic Cloud        Conj/Pois/Air  10%        N/A       28%         3
c - Call Imp              Summ           11%        N/A       14%         2
d - Blink                 Tloc           22%        N/A       14%         2
e - Conjure Flame         Conj/Fire      15%        6-21      19%         3

Your spell library contained the following spells:

 Spells                   Type           Power      Damage    Failure   Level
 Slow                     Hex            24%        N/A       14%         1


Dungeon Overview and Level Annotations

Branches:
Dungeon (3/15)

Altars:

Annotations:
D:3 1 runed translucent door, DunceCap's ghost, amateur DjCA


Message History

Press: ? - help, Shift-Dir - straight line, f/p - phantom
Aim: a phantom (almost destroyed, 100% to hit)
The magic dart hits the phantom.
The phantom is almost destroyed.
The phantom hits you!
The phantom blinks!
You blink.
Casting: Magic Dart (safe; 4% risk of failure)
Confirm with . or Enter, or press ? or * to list all spells.
Aiming: Magic Dart (safe; 4% risk of failure)
Press: ? - help, Shift-Dir - straight line, f/p - phantom
Aim: a phantom (almost destroyed, 100% to hit)
The magic dart hits the phantom.
The phantom is almost destroyed.
The phantom hits you!
Casting: Magic Dart (safe; 4% risk of failure)
Confirm with . or Enter, or press ? or * to list all spells.
Aiming: Magic Dart (safe; 4% risk of failure)
Press: ? - help, Shift-Dir - straight line, f/p - phantom
Aim: a phantom (almost destroyed, 100% to hit)
The magic dart hits the phantom.
The phantom is almost destroyed.
The phantom closely misses you.
Casting: Magic Dart (safe; 4% risk of failure)
Confirm with . or Enter, or press ? or * to list all spells.
Aiming: Magic Dart (safe; 4% risk of failure)
Press: ? - help, Shift-Dir - straight line, f/p - phantom
Aim: a phantom (almost destroyed, 100% to hit)
The magic dart hits the phantom.
The phantom is almost destroyed.
The phantom hits you!
* * * LOW HITPOINT WARNING * * *
The phantom blinks!
You blink.
Casting: Magic Dart (safe; 4% risk of failure)
Confirm with . or Enter, or press ? or * to list all spells.
Aiming: Magic Dart (safe; 4% risk of failure)
Press: ? - help, Shift-Dir - straight line, f/p - phantom
Aim: a phantom (almost destroyed, 100% to hit)
You miscast Magic Dart.
You are very lightly contaminated with residual magic.
Nothing appears to happen.
The phantom hits you!
You die...

##+#
##...##
##.....##
##.......##
#.......@W#
+.........+
#.........#
#......(##
##.....##
##...##
##'## #†#
#.#


You could see a phantom.

Vanquished Creatures
  A black bear (D:6)
  2 orc priests (D:3)
  5 adders
  A worm (D:3)
  A dart slug (D:1)
  5 orcs (D:3)
  4 ball pythons
  3 bats
  4 endoplasms
  A giant cockroach (D:1)
  8 goblins
  4 quokkas
  3 frilled lizards
  6 kobolds
  4 rats
52 creatures vanquished.

Vanquished Creatures (collateral kills)
  An orc (D:2)
1 creature vanquished.

Grand Total: 53 creatures vanquished

Notes
Turn   | Place    | Note
-------+----------+-------------------------------------------
     0 | D:1      | pokeman the Deep Elf Hedge Wizard began the quest for the
                  | Orb.
     0 | D:1      | Reached XP level 1. HP: 10/10 MP: 7/7
   260 | D:1      | Reached XP level 2. HP: 16/16 MP: 7/9
   846 | D:2      | Reached skill level 5 in Spellcasting
  1081 | D:2      | Reached XP level 3. HP: 20/20 MP: 9/11
  1085 | D:2      | Learned a level 3 spell: Mephitic Cloud
  1088 | D:2      | Learned a level 2 spell: Call Imp
  1091 | D:2      | Learned a level 2 spell: Blink
  1095 | D:2      | Learned a level 3 spell: Conjure Flame
  1626 | D:3      | Reached skill level 1 in Fighting
  1626 | D:3      | Reached skill level 1 in Armour
  1712 | D:3      | Reached XP level 4. HP: 25/25 MP: 10/13
  1888 | D:3      | Found a runed translucent door.
  1889 | D:3      | Noticed DunceCap's ghost (amateur DjCA)
  2398 | D:3      | Reached skill level 6 in Spellcasting
  2398 | D:3      | Reached skill level 1 in Necromancy
  2798 | D:3      | Reached XP level 5. HP: 23/29 MP: 9/15
  2923 | D:3      | You fall into a shaft and drop 3 floors!
  2929 | D:6      | Noticed a black bear
  2929 | D:6      | Noticed a phantom
  2944 | D:6      | Killed a black bear
  2945 | D:6      | Reached skill level 1 in Fire Magic
  2960 | D:6      | Slain by a phantom

Illustrated notes

Levels and vault maps discovered:
D:1:      lightli_arrival_maybe_door_vault, layout_loops_ring,
          nicolae_figureground_sparkle
D:2:      layout_loops_ring
D:3:      cheibrodos_pilgrimage, layout_rooms, gammafunk_ghost_grave
D:6:      layout_loops_corners

Skill      XL: |  1  2  3  4  5 |
---------------+----------------+-----
Spellcasting   | 5 6 |  6.7
Fighting       | 1 |  1.0
Armour         | 1 |  1.0
Conjurations   | 2 |  2.9
Necromancy     | 1 |  1.2
Dodging        | 3 |  3.0
Fire Magic     | 1 |  1.2
Stealth        | |  2.9
Summonings     | |  1.1
Translocations | |  1.1

Action                   |  1- 3 |  4- 6 || total
-------------------------+-------+-------++-------
Melee: Staff             |       |     6 ||     6
 Cast: Magic Dart        |    96 |    93 ||   189
       Mephitic Cloud    |       |     5 ||     5
       Call Imp          |       |     1 ||     1
       Conjure Flame     |       |     2 ||     2
Armor: Robe              |     5 |       ||     5
       Leather armour    |     4 |       ||     4
Dodge: Dodged            |     6 |    18 ||    24

Table legend: (Time is in decaauts)
 A = Elapsed time spent in this place.
 B = Non-inter-level travel time spent in this place.
 C = Inter-level travel time spent in this place.
 D = Time resting spent in this place.
 E = Time spent auto-exploring this place.
 F = Levels seen in this place.
 G = Mean time per level.
                   A        B        C        D        E       F      G
               +--------+--------+--------+--------+--------+-----+--------+
         Total |   2962 |   2854 |    108 |    212 |   2189 |   4 |  740.5 |
       Dungeon |   2962 |   2854 |    108 |    212 |   2189 |   4 |  740.5 |
               +--------+--------+--------+--------+--------+-----+--------+

Top non-repeatable levels by time:
     D:2: 1168 daAuts
     D:3: 923 daAuts
     D:1: 833 daAuts
     D:6: 37 daAuts
